 Seeded DCSS version 0.29.1-12-g30fa7ad0bf (webtiles) character file.

Game seed: 1 (custom seed)

15862 Kazon the Carver (level 12, -2/62 HPs)
             Began as a Vine Stalker Fighter on Jan 6, 2023.
             Was an Elder of Makhleb.
             Slain by a manticore (4 damage)
             ... on level 12 of the Dungeon.
             The game lasted 00:43:30 (8732 turns).

Kazon the Carver (Vine Stalker Fighter)             Turns: 8732, Time: 00:43:31

Health: -2/62      AC:  9    Str: 20    XL:     12   Next: 31%
Magic:  0/26       EV: 13    Int: 10    God:    Makhleb [****..]
Gold:   810        SH:  7    Dex: 16    Spells: 11/11 levels left

rFire   + . .      SeeInvis .   s - +3 falchion of Winter {venom, rCorr}
rCold   + + .      Faith    .   c - +2 buckler
rNeg    . . .      Spirit   +   Q - +0 troll leather armour
rPois   .          Reflect  .   z - +0 helmet
rElec   .          Harm     .   R - scarf {rC+ rF+}
rCorr   +          Rampage  .   (no gloves)
Will    +....                   m - +2 pair of boots
Stlth   +++.......              f - amulet of the acrobat
HPRegen 1.80/turn               L - ring of magical power
MPRegen 0.20/turn               B - ring of protection from cold

@: no status effects
A: fangs 3, regeneration 1, magic shield, antimagic bite, no potion heal 2
a: Renounce Religion, Minor Destruction, Lesser Servant of Makhleb, Major
Destruction


You were on level 12 of the Dungeon.
You worshipped Makhleb.
Makhleb was greatly pleased with you.
You visited 2 branches of the dungeon, and saw 13 of its levels.

You collected 1036 gold pieces.
You spent 226 gold pieces at shops.

Inventory:

Hand Weapons
 b - the +7 longbow "Spiderslayer" {venom, Str+4 Int-4 Dex+5}
   (You acquired it on level 1 of the Dungeon)

   Any ammunition fired from it poisons the flesh of those it strikes.
   Str:       It affects your strength (+4).
   Int:       It affects your intelligence (-4).
   Dex:       It affects your dexterity (+5).
 e - a +2 dagger of venom
 s - the +3 falchion of Winter (weapon) {venom, rCorr}
   (You bought it in a shop on level 3 of the Dungeon)

   It poisons the flesh of those it strikes.
   rCorr:     It protects you from acid and corrosion.
 w - a +1 sling of flaming
 P - the +5 long sword of the Land of Plenty {drain, Dex+3}
   (You found it on level 10 of the Dungeon)

   A truly terrible weapon, it drains the life of any living foe it strikes.
   Dex:       It affects your dexterity (+3).
Missiles
 j - 96 stones (quivered)
 o - 23 boomerangs
 D - 4 curare-tipped darts
 I - 35 poisoned darts
Armour
 c - a +2 buckler (worn)
 m - a +2 pair of boots (worn)
 z - a +0 helmet (worn)
 Q - a +0 troll leather armour (worn)
 R - a scarf of resistance (worn)
Jewellery
 f - an amulet of the acrobat (around neck)
 r - a ring of positive energy
 B - a ring of protection from cold (right hand)
 L - a ring of magical power (left hand)
 O - a ring of protection from cold
Wands
 A - a wand of mindburst (20)
 E - a wand of flame (45)
 G - a wand of paralysis (25)
 H - a wand of polymorph (7)
 K - a wand of roots (6)
Scrolls
 a - 2 scrolls of enchant weapon {unknown}
 h - a scroll of amnesia {unknown}
 i - 6 scrolls of identify
 l - a scroll of immolation
 p - 2 scrolls of poison {unknown}
 q - 3 scrolls of fog {unknown}
 u - 4 scrolls of teleportation
 x - a scroll of magic mapping
 y - 2 scrolls of noise {unknown}
 F - 3 scrolls of fear
 M - a scroll of summoning
 S - a scroll of vulnerability {unknown}
Potions
 d - 2 potions of might
 g - 3 potions of flight {unknown}
 k - 3 potions of haste
 n - 2 potions of magic
 t - 3 potions of berserk rage
 v - 5 potions of lignification {unknown}
 C - 2 potions of cancellation
 J - 2 potions of curing
Miscellaneous
 N - a condenser vane
 T - a phial of floods


   Skills:
 + Level 6.9 Fighting
 + Level 3.7(6.3) Short Blades
 + Level 8.0(8.4) Long Blades
 + Level 7.1 Ranged Weapons
 + Level 4.0 Throwing
 + Level 6.8 Armour
 + Level 3.8 Dodging
 + Level 6.0 Stealth
 + Level 5.4 Shields
 * Level 5.5 Invocations
 * Level 5.5 Evocations


You had 11 spell levels left.
You didn't know any spells.
Your spell library contained the following spells:

 Spells                   Type           Power      Damage    Failure   Level
 Apportation              Tloc           0%         N/A       50%         1
 Magic Dart               Conj           0%         1d3       50%         1
 Necrotise                Necr           0%         1d4       50%         1
 Sting                    Tmut/Pois      0%         1d3       50%         1
 Summon Small Mammal      Summ           0%         N/A       50%         1
 Call Imp                 Summ           0%         N/A       63%         2
 Poisonous Vapours        Pois/Air       0%         N/A       63%         2
 Mephitic Cloud           Conj/Pois/Air  0%         N/A       86%         3
 Ozocubu's Armour         Ice            0%         N/A       86%         3
 Olgreb's Toxic Radiance  Pois           0%         N/A       99%         4
 Fireball                 Conj/Fire      0%         3d3       100%        5
 Iskenderun's Battlesphe  Conj           0%         2d6       100%        5
 Metabolic Englaciation   Hex/Ice        0%         N/A       100%        5
 Conjure Ball Lightning   Conj/Air       0%         3x3d6     100%        6
 Simulacrum               Ice/Necr       0%         N/A       100%        6
 Orb of Destruction       Conj           0%         9d5       100%        7


Dungeon Overview and Level Annotations

Branches:
Dungeon (12/15)            Temple (1/1) D:7            Lair (0/5) D:10
    Orc: D:9-12

Altars:
Ashenzari
Elyvilon
Gozag
Hepliaklqana
Makhleb
Okawaru
Qazlal
Uskayaw

Shops:
D:3 (   D:8 ?(==   D:10 :


Innate Abilities, Weirdness & Mutations

You have razor-sharp teeth.
Your natural rate of healing is unusually fast.
When hurt, damage is shared between your health and your magic reserves.
Your bite disrupts and absorbs the magic of your enemies.
Potions cannot restore your health.


Message History

You hit the two-headed ogre but do no damage.
The two-headed ogre looks as sick as possible!
The two-headed ogre is almost dead.
The two-headed ogre barely misses you.
The two-headed ogre hits you with a +0 giant club!!
You slash the two-headed ogre!
You kill the two-headed ogre!
Makhleb accepts your kill. The manticore closely misses you.
You block the manticore's attack. The manticore closely misses you.
Your Long Blades skill increases to level 8!
You hit the manticore.
The manticore is poisoned.
The manticore is lightly wounded.
The manticore bites you but does no damage.
You block the manticore's attack. x2
You barely miss the manticore. You bite the manticore. You drain its power.
You feel invigorated.
The manticore is moderately wounded.
The manticore closely misses you. You block the manticore's attack.
The manticore claws you.
You barely miss the manticore. You bite the manticore. You drain its power.
You feel invigorated.
The manticore is moderately wounded.
The manticore bites you!! The manticore closely misses you.
The manticore claws you!
* * * LOW HITPOINT WARNING * * *
You hit the manticore.
The manticore is heavily wounded.
The manticore bites you.
* * * LOW HITPOINT WARNING * * *
The manticore claws you!
* * * LOW HITPOINT WARNING * * *
The manticore claws you.
* * * LOW HITPOINT WARNING * * *
You hit the manticore but do no damage.
The manticore is heavily wounded.
The manticore bites you!
* * * LOW HITPOINT WARNING * * *
The manticore claws you.
You die...

#. .# #.#. .# #.#.#
#.#.. # #.#..
#.#.#.# #.#
#>....#####.# #.#
#..#)H......#
#.###### #...@##
#.#..... ##.#..#
###.#.#### # ##.##
.!.#.#
##.#...#######.#.#
..................#
.####...####~....##
##.## #.~.♣.♣.#
#......~~~.~.~#
......~~.≈~♣~...


You could see a manticore (very poisoned).

Vanquished Creatures
  Erolcha (D:10)
  2 two-headed ogres
  Lodul (D:12)
  An ugly thing (D:11)
  Maggie (D:6)
  2 kobold demonologists (D:11)
  A tengu conjurer (D:12)
  3 trolls
  Prince Ribbit (D:9)
  2 shadows
  A vampire (D:10)
  22 yaks
  A wyvern (D:7)
  Eustachio (D:5)
  2 steam dragons
  Menkaure (D:5)
  Edmund (D:6)
  An acid dragon (D:10)
  4 water moccasins
  4 sky beasts
  5 orc warriors
  An ice beast (D:8)
  2 black bears (D:6)
  5 centaurs
  7 ogres
  A wolf (D:10)
  2 phantoms (D:6)
  3 kobold brigands
  3 necrophages
  A bullfrog (Temple)
  A gnoll sergeant (D:7)
  5 scorpions
  21 wights
  3 killer bees (D:10)
  An electric eel (D:10)
  A howler monkey (D:5)
  2 jellies (D:6)
  6 hounds
  7 orc priests
  A gnoll bouda (D:7)
  6 iguanas
  4 orc wizards
  Robin (D:3)
  15 gnolls
  13 adders
  3 shadow imps
  2 white imps (D:7)
  An ufetubus (D:5)
  3 worms
  37 orcs
  11 endoplasms
  A giant cockroach (D:1)
  16 goblins
  9 hobgoblins
  A jackal (D:4)
  25 kobolds
  A quokka (D:1)
  5 ball pythons
  4 bats
  3 frilled lizards
  6 rats
298 creatures vanquished.

Vanquished Creatures (collateral kills)
  2 kobold demonologists (D:11)
  An acid dragon (D:11)
  2 kobolds (D:11)
5 creatures vanquished.

Vanquished Creatures (others)
  A sky beast (D:5)
  A quokka (D:7)
2 creatures vanquished.

Grand Total: 305 creatures vanquished

Notes
Turn   | Place    | Note
-------+----------+-------------------------------------------
     0 | D:1      | Kazon the Vine Stalker Fighter began the quest for the Orb.
     0 | D:1      | Reached XP level 1. HP: 11/11 MP: 2/2
    36 | D:1      | Identified a scroll of acquirement
    36 | D:1      | Acquired the +7 longbow "Spiderslayer" {venom, Str+4 Int-4
                  | Dex+5}
   112 | D:1      | Reached XP level 2. HP: 16/16 MP: 3/3
   643 | D:2      | Reached XP level 3. HP: 19/19 MP: 4/4
   725 | D:2      | Gained mutation: Your natural rate of healing is unusually
                  | fast. [Vine Stalker growth]
   725 | D:2      | Reached XP level 4. HP: 17/23 MP: 2/5
   737 | D:2      | Reached skill level 1 in Ranged Weapons
  1275 | D:3      | Found Umat's Antique Weapon Boutique.
  1302 | D:3      | Bought a crude falchion for 184 gold pieces
  1302 | D:3      | Identified the +3 falchion of Winter {venom, rCorr} (You
                  | bought it in a shop on level 3 of the Dungeon)
  1492 | D:3      | Reached XP level 5. HP: 11/28 MP: 2/6
  1593 | D:3      | Noticed Robin
  1596 | D:3      | Killed Robin
  1714 | D:3      | Reached skill level 3 in Long Blades
  1714 | D:3      | Reached XP level 6. HP: 35/35 MP: 7/7
  2002 | D:4      | Reached XP level 7. HP: 38/38 MP: 8/8
  2183 | D:4      | Reached skill level 5 in Stealth
  2367 | D:4      | Found a hazy altar of Hepliaklqana.
  2671 | D:4      | Reached skill level 5 in Fighting
  2800 | D:5      | Entered Level 5 of the Dungeon
  2824 | D:5      | Reached skill level 5 in Ranged Weapons
  2851 | D:5      | Reached skill level 4 in Long Blades
  2851 | D:5      | Reached skill level 5 in Armour
  2898 | D:5      | Gained mutation: You have razor-sharp teeth. [Vine Stalker
                  | growth]
  2898 | D:5      | Reached XP level 8. HP: 43/43 MP: 9/9
  3219 | D:5      | Noticed Eustachio
  3238 | D:5      | Killed Eustachio
  3242 | D:5      | Reached skill level 5 in Shields
  3787 | D:6      | Reached XP level 9. HP: 47/47 MP: 10/10
  3805 | D:6      | Reached skill level 1 in Evocations
  3853 | D:7      | Found a staircase to the Ecumenical Temple.
  3862 | Temple   | Entered the Ecumenical Temple
  3867 | Temple   | Became a worshipper of Makhleb the Destroyer
  3928 | D:7      | Found a hide-covered altar of Uskayaw.
  4037 | D:6      | Reached skill level 1 in Invocations
  4063 | D:6      | Reached * piety under Makhleb
  4079 | D:6      | Noticed Edmund
  4103 | D:6      | Killed Edmund
  4305 | D:6      | Noticed Maggie
  4310 | D:6      | Reached skill level 5 in Long Blades
  4319 | D:6      | Killed Maggie
  4320 | D:6      | Reached XP level 10. HP: 49/51 MP: 12/12
  4572 | D:5      | Noticed Menkaure
  4578 | D:5      | Killed Menkaure
  4861 | D:7      | Reached ** piety under Makhleb
  5014 | D:7      | Found a white marble altar of Elyvilon.
  5259 | D:8      | Found Quzidd's Magic Scroll Emporium.
  5268 | D:8      | Bought a scroll of teleportation for 42 gold pieces
  5424 | D:8      | Found Zoxtaeshakh's Jewellery Boutique.
  5486 | D:8      | Found Heidghoki's Jewellery Shop.
  5818 | D:8      | Reached skill level 6 in Long Blades
  5882 | D:8      | Found Esumer's Weapon Shop.
  6352 | D:9      | Noticed Prince Ribbit
  6358 | D:9      | Killed Prince Ribbit
  6574 | D:9      | Noticed a two-headed ogre
  6577 | D:9      | Killed a two-headed ogre
  6578 | D:9      | Reached XP level 11. HP: 52/56 MP: 14/14
  6703 | D:10     | Entered Level 10 of the Dungeon
  6787 | D:10     | Found a staircase to the Lair.
  6789 | D:10     | Reached *** piety under Makhleb
  6853 | D:10     | Noticed Erolcha
  6872 | D:10     | Killed Erolcha
  6891 | D:10     | Identified the +5 long sword of the Land of Plenty {drain,
                  | Dex+3}
  6902 | D:10     | Found Juagoaq's Book Shoppe.
  7143 | D:10     | Reached skill level 7 in Long Blades
  7146 | D:10     | Reached **** piety under Makhleb
  7754 | D:11     | Noticed a green ugly thing
  7767 | D:11     | Killed a green ugly thing
  8049 | D:11     | Reached XP level 12. HP: 62/62 MP: 16/16
  8296 | D:11     | Reached skill level 5 in Invocations
  8320 | D:11     | Reached skill level 5 in Evocations
  8637 | D:12     | Noticed Lodul
  8664 | D:12     | Killed Lodul
  8714 | D:12     | Noticed a two-headed ogre
  8727 | D:12     | Killed a two-headed ogre
  8728 | D:12     | Reached skill level 8 in Long Blades
  8732 | D:12     | HP: 2/62 [manticore (4)]
  8732 | D:12     | Slain by a manticore

Illustrated notes

Levels and vault maps discovered:
D:1:      dpeg_arrival_three_smaller_balls, layout_basic
D:2:      layout_loops_ring
D:3:      layout_basic, serial_shops, nicolae_shop_stone, st_stairs_9,
          minmay_misc_feat_doors, eino_curves_03, uniq_robin
D:4:      minmay_wonky_spiral, layout_basic,
          mainiacjoe_overflow_surrounded_room, minivault_5
D:5:      layout_cave_pods, uniq_menkaure, uniq_eustachio
D:6:      cheibrodos_barr_body, layout_basic, minmay_crystal_room,
          minmay_pentangle, uniq_maggie, uniq_edmund
D:7:      layout_cave_pools, nicolae_uskayaw_murder_on_the_dancefloor,
          elyvilon_altar_4, minmay_temple_entry_purple_smoke
D:8:      layout_basic, serial_shops, shop_statue, kennysheep_little_box, shop,
          nicolae_shop_window_shopping
D:9:      layout_cave_pools, uniq_prince_ribbit1
D:10:     layout_stronghold, erik_lair_island, serial_shops,
          nicolae_shop_statue_plus, uniq_erolcha
D:11:     layout_roguey
D:12:     layout_loops_ring, orc_0_dummy, chequers_serial_rivers_marsh,
          uniq_lodul, uniq_nessos, uniq_rupert
Temple:   nicolae_temple_bog_church

Skill      XL: |  1  2  3  4  5  6  7  8  9 10 11 12 |
---------------+-------------------------------------+-----
Shields        | 3 4 5 |  5.4
Armour         | 3 4 5 6 |  6.8
Fighting       | 3 4 5 6 |  6.9
Ranged Weapons | 1 4 5 6 7 |  7.1
Short Blades   | 3 |  3.7
Long Blades    | 3 4 5 6 7 8 |  8.0
Throwing       | 3 4 |  4.0
Dodging        | 3 |  3.8
Stealth        | 4 5 6 |  6.0
Evocations     | 2 3 4 5 |  5.5
Invocations    | 2 3 4 5 |  5.5

Action                   |  1- 3 |  4- 6 |  7- 9 | 10-12 || total
-------------------------+-------+-------+-------+-------++-------
Melee: Long sword        |     2 |       |       |    11 ||    13
       Dagger            |       |     7 |    63 |    19 ||    89
       Falchion          |       |     3 |   189 |   398 ||   590
       Bite              |       |     2 |    96 |   162 ||   260
       Punch             |       |       |       |     3 ||     3
 Fire: Longbow           |    26 |    65 |       |   120 ||   211
       Sling             |       |     7 |    23 |     4 ||    34
Throw: Stone             |       |       |    37 |     5 ||    42
Invok: Lesser Servant of |       |       |       |     1 ||     1
Evoke: Wand              |       |       |       |     1 ||     1
  Use: Scroll            |     1 |       |     2 |     8 ||    11
       Potion            |       |     1 |     2 |     1 ||     4
 Stab: Sleeping          |       |     3 |     5 |       ||     8
Armor: Scale mail        |    10 |    23 |    25 |       ||    58
       Plate armour      |       |       |   104 |   146 ||   250
       Leather armour    |       |       |     4 |       ||     4
       Troll leather arm |       |       |       |    34 ||    34
Dodge: Dodged            |    17 |    18 |    96 |   181 ||   312
Block: Buckler           |     4 |     1 |    70 |    48 ||   123
